[Event "Titled Tuesday Blitz November 07 Early 2023"]
[White "Rosen, Eric"]
[Black "Predator0608"]
[WhiteFideId "2032562"]
[WhiteElo "2734"]
[BlackElo "2592"]
[Result "1-0"]
[Round "11"]
[TimeControl "180+1"]
[Date "2023.11.07"]
[WhiteClock "0:00:55"]
[BlackClock "0:00:02"]
[Board "43"]

1. e4 e5 2. Nf3 Nc6 3. Nc3 Nf6 4. d4 exd4 5. Nxd4 Bc5 6. Be3 Nxd4 7. Bxd4 Bxd4 8. Qxd4 d6 9. O-O-O Qe7 10. f3 Be6 11. Kb1 h5 12. f4 Bg4 13. Re1 O-O 14. h3 Bd7 15. Bd3 Bc6 16. g4 h4 17. Qf2 Nd7 18. g5 Nc5 19. Qxh4 Nxd3 20. cxd3 b5 21. f5 b4 22. Nd5 Qd8 23. Nf6+ gxf6 24. gxf6 1-0


[Site "https://www.chess.com"]

[Event "Titled Tuesday Blitz November 07 Early 2023"]
[White "Vestby-Ellingsen, Mads"]
[Black "Wagner, Dennis"]
[WhiteFideId "1520857"]
[BlackFideId "24650684"]
[WhiteElo "2573"]
[BlackElo "2720"]
[Result "0-1"]
[Round "11"]
[TimeControl "180+1"]
[Date "2023.11.07"]
[WhiteClock "0:00:04"]
[BlackClock "0:00:11"]
[Board "44"]

1. Nf3 c5 2. c4 e6 3. d4 cxd4 4. Nxd4 Nf6 5. Nc3 d5 6. cxd5 Nxd5 7. Bd2 Bc5 8. e3 O-O 9. Be2 e5 10. Nb3 Bb6 11. Nxd5 Qxd5 12. O-O Nc6 13. Bc3 Qe6 14. Qc2 Qf6 15. Rad1 Bf5 16. Bd3 Be6 17. Bxh7+ Kh8 18. Be4 Rac8 19. Qe2 Qh4 20. Bd5 Bg4 21. f3 Bf5 22. Kh1 f6 23. Nd2 Rfd8 24. Ne4 Qh6 25. Rfe1 Rd7 26. Ng3 Bg6 27. Be6 Rxd1 28. Rxd1 Re8 29. Bf5 Bf7 30. Rd7 Ne7 31. Bb1 Bxe3 32. Rxe7 Bf4 33. Rxe8+ Bxe8 34. Be1 a6 35. Nf1 Bb5 36. Bd3 Qh7 37. Bxh7 Bxe2 38. Be4 Bxf1 39. Bxb7 Bb5 40. b3 Kg8 41. a4 Bd3 42. b4 f5 43. Bf2 e4 44. fxe4 fxe4 45. Kg1 Bd2 46. Bd5+ Kh7 47. Bh4 Bxb4 48. Kf2 Bd2 49. Bg3 g5 50. h4 e3+ 51. Kf3 gxh4 52. Bxh4 e2 53. Bb7 e1=Q 54. Bxe1 Bxe1 55. Ke3 Bf1 56. Kd4 a5 57. Kc5 Bb4+ 58. Kd4 Kg6 59. g4 Kg5 60. Bf3 Bh3 61. Bd1 Bxg4 62. Bc2 Bf5 63. Bd1 Kf4 64. Kc4 Ke5 65. Kb3 Kd4 66. Kb2 Be6 67. Bf3 Bc3+ 68. Ka3 Bd2 69. Be2 Kc3 70. Bf3 Bc1# 0-1


[Site "https://www.chess.com"]

[Event "Titled Tuesday Blitz November 07 Early 2023"]
[White "Perez Gormaz, Matias"]
[Black "Shukhman, Anna"]
[WhiteFideId "3406342"]
[BlackFideId "54180058"]
[WhiteElo "2717"]
[BlackElo "2549"]
[Result "1-0"]
[Round "11"]
[TimeControl "180+1"]
[Date "2023.11.07"]
[WhiteClock "0:00:15"]
[BlackClock "0:00:05"]
[Board "45"]

1. d4 Nf6 2. Bf4 g6 3. e3 Bg7 4. Nf3 O-O 5. Be2 d6 6. h3 Nbd7 7. O-O Re8 8. Bh2 c6 9. a4 Qc7 10. Nbd2 Rb8 11. c3 a5 12. Nc4 b6 13. Nfd2 Ba6 14. Nxd6 exd6 15. Bxa6 b5 16. axb5 cxb5 17. c4 bxc4 18. Nxc4 Qc6 19. Rxa5 Ne4 20. f3 Nb6 21. Qc1 Nxc4 22. Bxc4 Qc7 23. fxe4 Qxa5 24. Bxf7+ Kh8 25. Bxe8 Rxe8 26. Qc6 Qd8 27. Qxd6 Qxd6 28. Bxd6 Rxe4 29. Bf4 Kg8 30. Kf2 h6 31. Kf3 Re8 32. Rc1 g5 33. Bg3 Kf7 34. Rc7+ Kg6 35. b4 Rf8+ 36. Ke2 Re8 37. Kf3 Rf8+ 38. Ke4 Re8+ 39. Be5 Bxe5 40. dxe5 Rb8 41. Rc6+ Kf7 42. Kf5 Rxb4 43. Rxh6 Rb1 44. Rh7+ Kf8 45. Ra7 Re1 46. Kxg5 Rxe3 47. g4 Rxe5+ 48. Kf6 Re8 49. h4 Kg8 50. g5 Re1 51. h5 Rf1+ 52. Kg6 Kf8 53. Ra8+ Ke7 54. h6 Rh1 55. Kg7 Ke6 56. Rf8 Ke5 57. g6 Ke6 58. h7 1-0


[Site "https://www.chess.com"]

[Event "Titled Tuesday Blitz November 07 Early 2023"]
[White "Avazkhonov, Alikhon"]
[Black "MKlose11"]
[WhiteFideId "14208504"]
[WhiteElo "2562"]
[BlackElo "2711"]
[Result "0-1"]
[Round "11"]
[TimeControl "180+1"]
[Date "2023.11.07"]
[WhiteClock "0:00:02"]
[BlackClock "0:01:33"]
[Board "46"]

1. d4 Nf6 2. c4 c5 3. d5 b5 4. cxb5 a6 5. e3 g6 6. Nc3 Bg7 7. Nf3 O-O 8. a4 d6 9. e4 Nbd7 10. Ra3 Ne8 11. bxa6 Bxa6 12. Bxa6 Rxa6 13. O-O Nc7 14. Nb5 Nxb5 15. axb5 Rb6 16. Ra5 Qc7 17. Qa4 Rfb8 18. b4 cxb4 19. Be3 Nc5 20. Qxb4 Qb7 21. Bxc5 dxc5 22. Qxc5 Rxb5 23. Rxb5 Qxb5 24. Qxe7 Re8 25. Qc7 Rxe4 26. d6 Bf6 27. d7 Qd5 28. g3 Re2 29. Kg2 Kg7 30. Rb1 Rd2 31. Rb7 Rd3 32. d8=Q Qxf3+ 33. Kg1 Bxd8 34. Qe5+ Bf6 0-1


[Site "https://www.chess.com"]

[Event "Titled Tuesday Blitz November 07 Early 2023"]
[White "Nagare Kaivalya Sandip"]
[Black "ChainedDowntohell"]
[WhiteFideId "25957929"]
[WhiteElo "2702"]
[BlackElo "2526"]
[Result "0-1"]
[Round "11"]
[TimeControl "180+1"]
[Date "2023.11.07"]
[WhiteClock "0:00:09"]
[BlackClock "0:00:04"]
[Board "47"]

1. e4 e5 2. Nf3 Nf6 3. d4 Nxe4 4. Bd3 d5 5. Nxe5 Bd6 6. O-O Nd7 7. Nxd7 Bxd7 8. Nd2 Nxd2 9. Bxd2 O-O 10. Qh5 f5 11. Qf3 c6 12. c4 Qh4 13. g3 Qxd4 14. Bc3 Qg4 15. Qg2 Be6 16. Rfe1 Bf7 17. h3 Qg5 18. f4 Qh6 19. Bxf5 dxc4 20. Rad1 Rad8 21. Qe4 Bc5+ 22. Kh2 Kh8 23. Rxd8 Rxd8 24. Be6 Bxe6 25. Qxe6 Qxe6 26. Rxe6 Kg8 27. a4 a6 28. a5 Rd5 29. Re4 Bf2 30. Rxc4 Kf7 31. Kg2 Ba7 32. Kf3 Bb8 33. Rb4 Rb5 34. Rd4 Ke7 35. Re4+ Kf7 36. Re2 Rd5 37. g4 Bc7 38. f5 Bxa5 39. Be5 Bb6 40. h4 Rb5 41. g5 Rb3+ 42. Ke4 Rb4+ 43. Kf3 Rxh4 44. Rd2 Ke8 45. Bxg7 Rh3+ 46. Kg4 Rh1 47. f6 Rg1+ 48. Kf5 Rf1+ 49. Ke6 Re1+ 50. Kf5 Rf1+ 51. Kg4 Rg1+ 52. Kf4 Bc7+ 53. Kf5 Rf1+ 54. Ke4 Rf4+ 55. Ke3 Rg4 56. f7+ Kxf7 57. Rd7+ Ke6 58. Rxc7 b5 59. Rxc6+ Kd5 60. Rxa6 Rxg5 61. Bc3 Kc4 62. Rg6 Rxg6 63. Ke4 Re6+ 64. Kf5 Rc6 65. Kg5 b4 66. Bh8 Kb3 67. Kh5 0-1


[Site "https://www.chess.com"]

[Event "Titled Tuesday Blitz November 07 Early 2023"]
[White "Bettalli, Francesco"]
[Black "Harikrishnan.A.Ra"]
[WhiteFideId "2816453"]
[BlackFideId "5081483"]
[WhiteElo "2547"]
[BlackElo "2692"]
[Result "0-1"]
[Round "11"]
[TimeControl "180+1"]
[Date "2023.11.07"]
[WhiteClock "0:00:39"]
[BlackClock "0:00:06"]
[Board "48"]

1. e4 Nf6 2. Nc3 e5 3. Bc4 Bc5 4. d3 O-O 5. Nf3 c6 6. O-O d5 7. Bb3 dxe4 8. dxe4 Qxd1 9. Rxd1 Bg4 10. h3 Bxf3 11. gxf3 Nbd7 12. Be3 Be7 13. Kh2 Nc5 14. Rg1 Rfd8 15. Rad1 Kf8 16. Ne2 Nh5 17. Ng3 Nf4 18. Nf5 Nce6 19. Bxf4 Rxd1 20. Rxd1 Nxf4 21. Rd7 Re8 22. Rxb7 a5 23. a4 Ne6 24. Bxe6 fxe6 25. Nxe7 Rxe7 26. Rxe7 Kxe7 27. c3 c5 28. Kg3 Kf6 29. f4 g5 30. fxg5+ Kxg5 31. h4+ Kh5 32. Kf3 Kxh4 33. Ke3 c4 34. f4 Kh5 35. fxe5 Kg6 36. Kd4 h5 37. Ke3 Kg5 38. Kf3 h4 39. Ke3 h3 40. Kf3 h2 41. Kg2 Kf4 42. Kxh2 Kxe5 43. Kg3 Kxe4 44. Kg4 Kd3 45. Kf4 Kc2 46. b4 cxb3 47. c4 b2 48. c5 b1=Q 49. c6 Qb8+ 0-1


[Site "https://www.chess.com"]

[Event "Titled Tuesday Blitz November 07 Early 2023"]
[White "Krzywda, Andrzej"]
[Black "Hua, Lefong"]
[WhiteFideId "1114565"]
[BlackFideId "2602253"]
[WhiteElo "2522"]
[BlackElo "2691"]
[Result "0-1"]
[Round "11"]
[TimeControl "180+1"]
[Date "2023.11.07"]
[WhiteClock "0:00:00"]
[BlackClock "0:00:07"]
[Board "49"]

1. e4 c5 2. Nf3 g6 3. d4 cxd4 4. Nxd4 Bg7 5. c4 Nc6 6. Be3 Nf6 7. Nc3 O-O 8. Be2 d6 9. O-O Bd7 10. h3 Nxd4 11. Bxd4 Bc6 12. Qc2 a5 13. b3 Nd7 14. Bxg7 Kxg7 15. Rad1 Qb6 16. a3 Rfc8 17. Rb1 Nf6 18. b4 axb4 19. axb4 Qd4 20. Rfd1 Bxe4 21. Nxe4 Qxe4 22. Bd3 Qh4 23. Qd2 Rc7 24. Be2 Qe4 25. Rb3 Rac8 26. Re3 Qf5 27. Bf1 Kg8 28. Rde1 Re8 29. Rf3 Qc8 30. Rf4 Kg7 31. Rh4 h5 32. Rf4 e5 33. Rf3 Qe6 34. Rd3 Qxc4 35. Rxd6 Qc3 36. Qxc3 Rxc3 37. Rb6 Re7 38. g3 h4 39. g4 g5 40. Bg2 e4 41. Rb5 Rb3 42. Rxg5+ Kh6 43. Rf5 Kg6 44. Rb5 e3 45. fxe3 Rexe3 46. Rxe3 Rxe3 47. Rxb7 Rb3 48. Rb6 Kg7 49. g5 Nh5 50. Rb7 Nf4 51. Bf1 Rb1 52. Kf2 Rb2+ 53. Kf3 Ne6 54. Kg4 Rf2 55. Bc4 Rf4+ 56. Kh5 Rxc4 57. b5 Rc5 58. Kxh4 Rxg5 59. b6 Rb5 60. Kg4 Kf6 61. h4 Rb4+ 62. Kg3 Ng7 63. Rb8 Nf5+ 64. Kf2 Rxh4 65. b7 Rb4 66. Ke2 Ne7 67. Kd3 Ke6 0-1


[Site "https://www.chess.com"]

[Event "Titled Tuesday Blitz November 07 Early 2023"]
[White "Starozhilov, Leonid"]
[Black "Kleiman, Jake"]
[WhiteFideId "14106752"]
[BlackFideId "2020041"]
[WhiteElo "2687"]
[BlackElo "2668"]
[Result "1-0"]
[Round "11"]
[TimeControl "180+1"]
[Date "2023.11.07"]
[WhiteClock "0:00:14"]
[BlackClock "0:00:11"]
[Board "50"]

1. e4 e5 2. Nc3 Nf6 3. Nf3 Nc6 4. Bb5 Bd6 5. Bxc6 dxc6 6. h3 c5 7. d3 Nd7 8. Be3 Nf8 9. O-O Ne6 10. Nd2 O-O 11. Ne2 a5 12. a4 b6 13. Nc4 Kh8 14. f4 exf4 15. Nxf4 Nd4 16. Ne2 Nc6 17. Qd2 Be6 18. b3 Ne5 19. Nf4 Nxc4 20. bxc4 Be5 21. Rae1 Bd7 22. Nh5 Qh4 23. Qe2 Rae8 24. Bf4 Bd4+ 25. Kh2 f5 26. Bg3 Qd8 27. Qd2 fxe4 28. Rxf8+ Rxf8 29. Rxe4 Bxa4 30. c3 Bf6 31. Nxf6 Qxf6 32. Bxc7 Qc6 33. Re7 Qf6 34. Qe3 Bc6 35. Re6 Qf7 36. Rxc6 Qd7 37. Qe6 Qxd3 38. Be5 Rg8 39. Rc8 1-0


[Site "https://www.chess.com"]

[Event "Titled Tuesday Blitz November 07 Early 2023"]
[White "Pinto, Daniel"]
[Black "Mamedov, Edgar"]
[WhiteFideId "3303144"]
[BlackFideId "13739980"]
[WhiteElo "2507"]
[BlackElo "2682"]
[Result "0-1"]
[Round "11"]
[TimeControl "180+1"]
[Date "2023.11.07"]
[WhiteClock "0:00:00"]
[BlackClock "0:00:50"]
[Board "51"]

1. e4 c5 2. Nf3 Nc6 3. Bb5 e5 4. O-O Bd6 5. Nc3 a6 6. Bc4 b5 7. Be2 Nf6 8. d3 h6 9. h3 O-O 10. Nh4 Nd4 11. g3 Be7 12. Bf3 Nxf3+ 13. Qxf3 d5 14. Nf5 d4 15. Ne2 Bxf5 16. Qxf5 g6 17. Qf3 Kg7 18. Qg2 c4 19. f4 Nd7 20. g4 cxd3 21. cxd3 Rc8 22. fxe5 Nxe5 23. Nf4 Bg5 24. Nd5 Nxd3 25. Bxg5 Qxg5 26. Rad1 Ne5 27. Rxd4 Rc6 28. Rd2 Rfc8 29. b3 Rc1 30. Rf2 a5 31. Qg3 h5 32. Kh1 hxg4 33. h4 Rxf1+ 34. Rxf1 Rh8 35. Kg2 Rxh4 36. Rf4 Rh3 0-1


[Site "https://www.chess.com"]

[Event "Titled Tuesday Blitz November 07 Early 2023"]
[White "amanmuhammethommadov"]
[Black "Berezin, Viktor"]
[BlackFideId "14107872"]
[WhiteElo "2681"]
[BlackElo "2486"]
[Result "1-0"]
[Round "11"]
[TimeControl "180+1"]
[Date "2023.11.07"]
[WhiteClock "0:01:55"]
[BlackClock "0:00:00"]
[Board "52"]

1. e4 g6 2. Nc3 Bg7 3. d4 d6 4. h3 Nf6 5. Nf3 O-O 6. Be2 Nbd7 7. O-O e5 8. dxe5 dxe5 9. Be3 c6 10. a4 Qe7 11. Bc4 Rd8 12. Qb1 Nf8 13. Ng5 Ne6 14. Qa2 Nxg5 15. Bxg5 h6 16. Be3 Be6 17. Bxe6 fxe6 18. Rfd1 Kh7 19. Qc4 Nh5 20. g3 Bf6 21. Bc5 Qf7 22. a5 Be7 23. Rxd8 Rxd8 24. Bxa7 Bg5 25. Rd1 Rf8 26. Bc5 Re8 27. Qd3 Rd8 28. Qe2 Ng7 29. Rxd8 Bxd8 30. Kg2 Bxa5 31. Nd1 Qd7 32. Ne3 Ne8 33. Nc4 Bc7 34. Qf3 Kg7 35. Qf8+ Kh7 36. Be7 Bd8 37. Qf7+ Kh8 38. Nxe5 1-0


[Site "https://www.chess.com"]

[Event "Titled Tuesday Blitz November 07 Early 2023"]
[White "Skliarov, Viktor"]
[Black "Czerw, Dawid"]
[WhiteFideId "14106736"]
[BlackFideId "1145746"]
[WhiteElo "2670"]
[BlackElo "2484"]
[Result "1/2-1/2"]
[Round "11"]
[TimeControl "180+1"]
[Date "2023.11.07"]
[WhiteClock "0:00:08"]
[BlackClock "0:00:04"]
[Board "53"]

1. e4 c5 2. Nf3 g6 3. c3 Bg7 4. d4 cxd4 5. cxd4 d5 6. e5 Bg4 7. h3 Bxf3 8. Qxf3 e6 9. Bb5+ Nc6 10. Nc3 Ne7 11. Be3 Qb6 12. O-O O-O 13. Rfd1 a6 14. Bxc6 Nxc6 15. Na4 Qa7 16. Rac1 f6 17. exf6 Bxf6 18. Qg4 Rae8 19. Nc5 Nd8 20. Nd7 Rf7 21. Rc7 Bg7 22. Rdc1 Ree7 23. Bg5 Rxd7 24. Bxd8 Qxd4 25. Qxe6 Qxf2+ 26. Kh1 Rxc7 27. Rxc7 Qf1+ 28. Kh2 Qf4+ 29. Kh1 Qf5 30. Qe8+ Rf8 31. Qe7 Qf1+ 32. Kh2 Qf4+ 33. Kh1 Qe5 34. Kg1 Qxe7 35. Bxe7 Rf7 36. Rc8+ Bf8 37. Bxf8 Rxf8 38. Rc7 Rf7 39. Rc8+ Kg7 40. Rd8 Kf6 41. Rxd5 Rc7 42. Rd2 Kf5 43. Kf2 1/2-1/2


[Site "https://www.chess.com"]

[Event "Titled Tuesday Blitz November 07 Early 2023"]
[White "Grossboss19"]
[Black "Kanyamarala, Tarun"]
[BlackFideId "45004714"]
[WhiteElo "2520"]
[BlackElo "2466"]
[Result "1/2-1/2"]
[Round "11"]
[TimeControl "180+1"]
[Date "2023.11.07"]
[WhiteClock "0:00:15"]
[BlackClock "0:00:05"]
[Board "54"]

1. d4 Nf6 2. Nf3 d5 3. e3 c5 4. c4 e6 5. Nc3 Nc6 6. cxd5 Nxd5 7. Nxd5 exd5 8. Be2 Bd6 9. dxc5 Bxc5 10. O-O O-O 11. Bd2 d4 12. exd4 Nxd4 13. Nxd4 Qxd4 14. Bc3 Qxd1 15. Rfxd1 Be6 16. Bf3 Rab8 17. Be5 Rbe8 18. Bxb7 Bxa2 19. Bxg7 Kxg7 20. Rxa2 Re2 21. Rf1 Rd8 22. Bf3 Rc2 23. h4 Rdd2 24. Kh2 Bxf2 25. Be4 Rxb2 26. Rxb2 Rxb2 27. Bd5 f6 28. h5 Kh6 29. Bf3 a5 30. Ra1 Bb6 31. Ra4 Rb4 32. Rxb4 axb4 33. Bd1 Kg5 34. Kg3 h6 35. Kf3 Kxh5 36. Kf4+ Kg6 37. Bc2+ Kg7 38. Kf5 Bd4 39. g4 Be3 40. Bb3 Bg5 41. Bc4 Kf8 42. Ke6 Ke8 43. Kd6 Kd8 44. Kc5 Bd2 45. Kd6 Kc8 46. Bd5 Kb8 47. Kc6 Ka7 48. Kb5 Kb8 49. Kb6 Kc8 50. Kc6 Kd8 51. Kd6 Bf4+ 52. Kc5 Bd2 53. Kd6 Bc3 54. Bb3 Ke8 55. Ke6 Kf8 56. Bc4 Kg7 57. Kf5 Bd4 58. Bb3 Be5 59. Bc4 Bc3 60. Bb3 Ba1 61. Ba2 Bb2 62. Bb3 Ba3 63. Ba2 Bb2 64. Bb3 Kf8 65. Ke6 Kg7 66. Kf5 1/2-1/2


[Site "https://www.chess.com"]

[Event "Titled Tuesday Blitz November 07 Early 2023"]
[White "Harsh Suresh"]
[Black "Demin, Vladimir"]
[WhiteFideId "45018464"]
[BlackFideId "4167457"]
[WhiteElo "2904"]
[BlackElo "2562"]
[Result "0-1"]
[Round "11"]
[TimeControl "180+1"]
[Date "2023.11.07"]
[WhiteClock "0:00:05"]
[BlackClock "0:00:09"]
[Board "55"]

1. d4 Nf6 2. c4 e6 3. g3 d5 4. Bg2 Be7 5. Nf3 O-O 6. O-O dxc4 7. Na3 c5 8. Nxc4 Nc6 9. dxc5 Bxc5 10. Qxd8 Rxd8 11. Nce5 Nd4 12. Nxd4 Bxd4 13. Nd3 e5 14. e3 Bf5 15. exd4 Bxd3 16. Rd1 e4 17. Be3 Nd5 18. Rac1 Rac8 19. Bh3 Rxc1 20. Rxc1 g6 21. Bg5 f6 22. Be6+ Kg7 23. Bxd5 fxg5 24. Rc7+ Kh6 25. Bxb7 Rxd4 26. Re7 g4 27. Kg2 Be2 28. f4 gxf3+ 29. Kf2 Rd2 30. Bxe4 Rxb2 31. Rxa7 Bd1+ 32. Ke3 f2 33. Bd3 Bc2 34. Bxc2 f1=Q 35. Bd3 Qe1+ 36. Kd4 Qd2 37. Ra4 Rb4+ 38. Rxb4 Qxb4+ 39. Bc4 Qa3 40. Bb3 Kg5 41. Kc3 Kg4 42. Kd4 Kh3 43. Bg8 h6 44. Bf7 g5 45. Bg6 Kxh2 46. Kc4 Kxg3 47. Kd4 Qxa2 48. Ke5 Qb2+ 49. Ke6 Qb6+ 50. Kf7 g4 51. Kg7 Kf4 52. Kh7 g3 53. Kg7 g2 54. Kh7 g1=Q 55. Bd3 Qc7+ 56. Kxh6 Qd6+ 57. Kh5 Qe5+ 58. Kh4 Qeg5+ 59. Kh3 Q5g3# 0-1


[Site "https://www.chess.com"]

[Event "Titled Tuesday Blitz November 07 Early 2023"]
[White "Kozak, Antoni"]
[Black "Senthil Maran K"]
[WhiteFideId "21832030"]
[BlackFideId "25035681"]
[WhiteElo "2794"]
[BlackElo "2554"]
[Result "1-0"]
[Round "11"]
[TimeControl "180+1"]
[Date "2023.11.07"]
[WhiteClock "0:00:08"]
[BlackClock "0:00:23"]
[Board "56"]

1. e4 c6 2. d4 d5 3. exd5 cxd5 4. c4 Nf6 5. Nc3 g6 6. cxd5 Bg7 7. Bc4 O-O 8. Nge2 Nbd7 9. Bb3 Nb6 10. Nf4 Ne8 11. O-O Nd6 12. Re1 Bd7 13. Nd3 Nb5 14. Ne5 Be8 15. Bg5 Bf6 16. Bh6 Bg7 17. Bxg7 Kxg7 18. Nxb5 Bxb5 19. Qf3 Qd6 20. Rac1 Rad8 21. Rc5 Ba4 22. h4 Bxb3 23. Qxb3 Nxd5 24. Qxb7 Nf6 25. Nc6 Rd7 26. Qb3 Rc7 27. Qf3 Rfc8 28. Rec1 e6 29. b4 Re8 30. b5 Nd5 31. a4 h5 32. g3 Nb6 33. a5 Nd5 34. Ne5 Rb7 35. a6 Rb6 36. Qxf7+ 1-0


[Site "https://www.chess.com"]

[Event "Titled Tuesday Blitz November 07 Early 2023"]
[White "Molina, Roberto Junio Brito"]
[Black "Seletsky, Grigory"]
[WhiteFideId "2109450"]
[BlackFideId "14112191"]
[WhiteElo "2781"]
[BlackElo "2522"]
[Result "0-1"]
[Round "11"]
[TimeControl "180+1"]
[Date "2023.11.07"]
[WhiteClock "0:01:20"]
[BlackClock "0:00:16"]
[Board "57"]

1. d4 d5 2. Nc3 Nf6 3. Bg5 Nbd7 4. Qd2 e6 5. f3 Be7 6. e4 O-O 7. e5 Ne8 8. Bxe7 Qxe7 9. f4 c5 10. Nf3 cxd4 11. Nb5 a6 12. Nbxd4 Nc5 13. Bd3 f6 14. O-O fxe5 15. Nxe5 Nf6 16. Rae1 Nce4 17. Qe3 Bd7 18. c3 a5 19. g4 Rae8 20. g5 Nh5 21. Bxe4 dxe4 22. Qxe4 b5 23. a3 b4 24. axb4 axb4 25. cxb4 Bc8 26. Ndc6 Qc7 27. Rc1 Bb7 28. Rc5 g6 29. Rf2 Rf5 30. Ng4 Rxc5 31. Nh6+ Kf8 32. Qd4 Qxc6 33. Qh8+ Ke7 34. Qxh7+ Kd8 35. Rd2+ Rd5 36. Nf7+ Kc8 0-1


[Site "https://www.chess.com"]

[Event "Titled Tuesday Blitz November 07 Early 2023"]
[White "Csonka, Balazs"]
[Black "Kubicka, Anna"]
[WhiteFideId "742910"]
[BlackFideId "1152254"]
[WhiteElo "2751"]
[BlackElo "2519"]
[Result "1/2-1/2"]
[Round "11"]
[TimeControl "180+1"]
[Date "2023.11.07"]
[WhiteClock "0:00:04"]
[BlackClock "0:00:04"]
[Board "58"]

1. Nf3 Nf6 2. c4 g6 3. Nc3 Bg7 4. d4 O-O 5. e4 d6 6. Be2 e5 7. O-O Nc6 8. d5 Ne7 9. Qc2 Ne8 10. Rd1 f5 11. Ng5 Kh8 12. b4 f4 13. Ne6 Bxe6 14. dxe6 Ng8 15. c5 Qe7 16. Qb3 dxc5 17. bxc5 c6 18. Rd7 Qh4 19. Rxb7 Nef6 20. Bd2 Ng4 21. Bxg4 Qxg4 22. f3 Qh4 23. Be1 Qg5 24. Rd1 Rae8 25. Rdd7 Re7 26. Rxa7 Rxd7 27. Rxd7 Nf6 28. e7 Nxd7 29. exf8=Q+ Nxf8 30. Bf2 Qe7 31. Qb8 h5 32. a4 Kh7 33. a5 Ne6 34. a6 Nxc5 35. a7 Nd7 36. a8=Q Nxb8 37. Qxb8 Qa3 38. Nd1 Qd3 39. h3 Qxd1+ 40. Kh2 Qc2 41. Bh4 Qc5 42. Qc7 Kh6 43. Bd8 Qf8 44. Be7 Qe8 45. Bd6 Kh7 46. Bc5 Qe6 47. Bd6 Qf6 48. Qxc6 Qh4 49. Qd7 Qg3+ 50. Kh1 Qe1+ 51. Kh2 Qg3+ 52. Kg1 Qe1+ 53. Kh2 Qg3+ 1/2-1/2


[Site "https://www.chess.com"]

[Event "Titled Tuesday Blitz November 07 Early 2023"]
[White "Halkias, Stelios"]
[Black "Reprintsev, Alexander"]
[WhiteFideId "4201809"]
[BlackFideId "14100541"]
[WhiteElo "2714"]
[BlackElo "2509"]
[Result "1-0"]
[Round "11"]
[TimeControl "180+1"]
[Date "2023.11.07"]
[WhiteClock "0:02:29"]
[BlackClock "0:01:59"]
[Board "59"]

1. Nf3 d5 2. d4 Nc6 3. Bf4 Bg4 4. e3 e6 5. Be2 Bd6 6. Bg3 f5 7. O-O Qf6 8. c4 f4 9. exf4 Bxf4 10. Nc3 O-O-O 11. cxd5 exd5 12. Ne5 Bxe2 13. Qxe2 Nxd4 14. Qg4+ Ne6 15. Bxf4 h5 16. Qh3 g5 17. Bxg5 Qxe5 18. Bxd8 1-0


[Site "https://www.chess.com"]

[Event "Titled Tuesday Blitz November 07 Early 2023"]
[White "Rakotomaharo, Fy Antenaina"]
[Black "Dinu, Dumitru-Daniel"]
[WhiteFideId "13100050"]
[BlackFideId "1208403"]
[WhiteElo "2712"]
[BlackElo "2502"]
[Result "1-0"]
[Round "11"]
[TimeControl "180+1"]
[Date "2023.11.07"]
[WhiteClock "0:00:22"]
[BlackClock "0:00:11"]
[Board "60"]

1. d4 Nf6 2. Nf3 e6 3. Bg5 c5 4. e3 cxd4 5. exd4 d5 6. Nbd2 Be7 7. Bd3 h6 8. Bxf6 Bxf6 9. c3 Nc6 10. Qe2 O-O 11. O-O Re8 12. Ne5 Bxe5 13. dxe5 Qc7 14. Rfe1 Qb6 15. Nf3 Bd7 16. h4 Rac8 17. Bc2 Na5 18. Qd3 g6 19. h5 Bb5 20. Qd2 Kg7 21. a4 Bc4 22. b4 Nc6 23. Qf4 Qd8 24. b5 Ne7 25. Qf6+ Kg8 26. hxg6 Nxg6 27. Bxg6 Qxf6 28. exf6 fxg6 29. Ne5 Rf8 30. Nxg6 Rfe8 31. Ne7+ Rxe7 32. fxe7 Kf7 33. Re3 Re8 34. Rae1 Rxe7 35. f4 Bb3 36. a5 Bc4 37. b6 axb6 38. axb6 Kf6 39. g4 Re8 40. Kf2 Re7 41. Re5 Bd3 42. Kg3 Be4 43. c4 Rd7 44. cxd5 exd5 45. Rd1 Rg7 46. Rdxd5 Bxd5 47. Rxd5 Ke6 48. Rh5 Rh7 49. g5 Kf5 50. Rxh6 Rd7 51. Rf6+ Ke4 52. g6 Rd1 53. f5 Rg1+ 54. Kf2 Rg5 55. Rf7 Ke5 56. g7 Rg4 57. f6 Ke6 58. Rf8 Rf4+ 59. Kg3 Rxf6 60. Rxf6+ Kxf6 61. g8=Q Ke5 62. Qc8 Kd5 63. Qxb7+ Kd4 64. Qc7 Kd5 65. b7 Kd4 66. b8=Q Kd5 67. Qb5+ Kd4 68. Qce5# 1-0


[Site "https://www.chess.com"]

[Event "Titled Tuesday Blitz November 07 Early 2023"]
[White "Melian, Juan Sebastian"]
[Black "Jovic, Stanoje"]
[WhiteFideId "3706575"]
[BlackFideId "905020"]
[WhiteElo "2658"]
[BlackElo "2459"]
[Result "1-0"]
[Round "11"]
[TimeControl "180+1"]
[Date "2023.11.07"]
[WhiteClock "0:00:06"]
[BlackClock "0:00:06"]
[Board "61"]

1. d4 Nf6 2. Bg5 c5 3. d5 Qb6 4. Nc3 Qxb2 5. Bd2 Qb6 6. e4 e5 7. Bc4 d6 8. Nge2 a6 9. a4 Qc7 10. O-O b6 11. f4 Bg4 12. h3 Bxe2 13. Qxe2 Be7 14. g4 O-O 15. g5 Ne8 16. f5 Nd7 17. Kh2 Kh8 18. Bxa6 c4 19. Bxc4 Rc8 20. Bb5 Nb8 21. Rf3 Nd7 22. Rg1 Nc5 23. f6 gxf6 24. Bxe8 Rcxe8 25. gxf6 Bd8 26. Bh6 Rg8 27. Bg7+ Rxg7 28. Rxg7 Bxf6 29. Rg4 Bg7 30. Rh4 Qe7 31. Rh5 Rg8 32. Rg3 Qf6 33. Qf3 Qxf3 34. Rxf3 f6 35. Rh4 Rc8 36. Nb5 Nb7 37. Rc3 Ra8 38. Rc7 Nc5 39. Nxd6 f5 40. Nxf5 Rg8 41. Rg4 Nxe4 42. Rgxg7 Rxg7 43. Nxg7 Nd6 44. Ne6 h5 45. Rc8+ Kh7 46. Rd8 Nf5 47. d6 e4 48. d7 e3 49. Rh8+ Kxh8 50. d8=Q+ Kh7 51. Qd7+ Kg6 52. Nd4 Nh4 53. Qe6+ Kg5 54. Qe5+ Kg6 55. Kg3 e2 56. Kxh4 e1=Q+ 57. Qxe1 Kf6 58. Qe6+ Kg7 59. Nf5+ Kh8 60. Qf7 b5 61. Qg7# 1-0


[Site "https://www.chess.com"]

[Event "Titled Tuesday Blitz November 07 Early 2023"]
[White "Kvaloy, Aksel Bu"]
[Black "LangesNasenhaar"]
[WhiteFideId "1528815"]
[WhiteElo "2624"]
[BlackElo "2445"]
[Result "1-0"]
[Round "11"]
[TimeControl "180+1"]
[Date "2023.11.07"]
[WhiteClock "0:01:26"]
[BlackClock "0:00:12"]
[Board "62"]

1. d4 d5 2. Nf3 c5 3. c3 Qb6 4. dxc5 Qxc5 5. Be3 Qa5 6. Nbd2 Nf6 7. Bg5 e6 8. Bxf6 gxf6 9. e4 dxe4 10. Nxe4 Be7 11. Bd3 f5 12. Ng3 h5 13. h4 Nc6 14. Qe2 Bd7 15. Ng5 Qe5 16. O-O-O Qxe2 17. Bxe2 Bxg5+ 18. hxg5 h4 19. Nh5 Ke7 20. Rxh4 Ne5 21. g3 Bc6 22. f4 Ng4 23. Bxg4 fxg4 24. Nf6 Rxh4 25. gxh4 g3 26. h5 g2 27. h6 e5 28. f5 Bf3 29. Re1 Kd6 30. h7 Rh8 31. g6 fxg6 32. fxg6 1-0


[Site "https://www.chess.com"]

[Event "Titled Tuesday Blitz November 07 Early 2023"]
[White "Golubev, Mikhail"]
[Black "Bashirli, Saadat"]
[WhiteFideId "14100983"]
[BlackFideId "13429990"]
[WhiteElo "2619"]
[BlackElo "2443"]
[Result "1-0"]
[Round "11"]
[TimeControl "180+1"]
[Date "2023.11.07"]
[WhiteClock "0:00:13"]
[BlackClock "0:00:14"]
[Board "63"]

1. e4 c6 2. Nf3 d5 3. Nc3 dxe4 4. Nxe4 Nf6 5. Qe2 Nxe4 6. Qxe4 g6 7. Qe5 f6 8. Qe3 Qd5 9. d4 Bg7 10. c4 Qe6 11. Be2 Qxe3 12. Bxe3 Be6 13. O-O-O Nd7 14. Rhe1 O-O 15. h3 Nb6 16. b3 Bf7 17. Kb1 Rad8 18. Rd2 Rfe8 19. Bd3 e5 20. dxe5 fxe5 21. Bc2 Rxd2 22. Nxd2 Rd8 23. Ne4 Be6 24. g4 Rf8 25. Rd1 Rf3 26. Ng5 Rf6 27. Rd8+ Bf8 28. Bc5 Nd7 29. Be7 Bf7 30. Bxf6 Nxf6 31. Nxf7 Kxf7 32. Rb8 b6 33. Rb7+ Ke6 34. Rxa7 Bc5 35. f3 Nd7 36. Be4 Kd6 37. Kc2 Bd4 38. a3 b5 39. Ra6 Nb8 40. Ra8 Kc7 41. cxb5 cxb5 42. a4 bxa4 43. bxa4 Bb6 44. a5 Bd4 45. a6 Bb6 46. a7 Nd7 47. Rc8+ Kxc8 48. a8=Q+ Kc7 49. Qb7+ Kd6 50. Bc6 Nc5 51. Qxb6 Ne6 52. Be4+ Ke7 53. Kc3 Nd4 54. Qxd4 exd4+ 55. Kxd4 Ke6 56. f4 Kf6 57. g5+ Ke6 58. Bd5+ Kf5 59. Ke3 h5 60. Be4+ Ke6 61. Bxg6 Ke7 62. Bxh5 Kf8 63. Bg4 Kg7 64. h4 Kg8 65. h5 Kh8 66. f5 Kg7 67. f6+ Kh8 68. Be6 Kh7 69. g6+ Kh8 70. g7+ Kh7 71. g8=Q+ Kh6 72. Qg6# 1-0


[Site "https://www.chess.com"]